Map: Odyssey LE

Players

STronGer - Winner!

  • Race: Terran Terran
  • League: Diamond
  • Spawn Location: 5:00

Salvite

  • Race: Protoss Protoss
  • Spawn Location: 11:00

VOD

Have the link to the VOD?

Description

Time

  • Played on: June 2, 2017, 12:48 a.m.
  • Length: 6:24
Show
View Real Time Build Order
Export as new Build Order

STronGer Terran - Winner!

Build Orders: Reaper Expand 

Get SALT Encoding   

  12  0:01  SCV  
  13  0:13  SCV  
  14  0:17  Supply Depot  
  14  0:25  SCV  
  15  0:40  Refinery  
  15  0:42  Barracks  
  15  0:43  SCV  
  16  0:55  SCV  
  17  1:08  SCV  
  18  1:20  SCV  
  19  1:29  Reaper  
  20  1:34  Orbital Command  
  20  1:46  Command Center  
  20  2:00  Refinery  
  20  2:03  SCV  
  21  2:12  Barracks Reactor  
  21  2:20  Factory  
  21  2:22  SCV  
  22  2:32  Supply Depot  
  22  2:50  Marine  
  23  2:53  Marine  
  23  2:58  Bunker  
  24  2:59  Orbital Command  
  24  3:04  Factory Reactor  
  24  3:07  Starport  
  24  3:08  SCV  
  24  3:10  Marine  
  24  3:11  Marine  
  27  3:19  Barracks  
  27  3:25  SCV  
  29  3:27  SCV  
  29  3:28  Marine  
  29  3:29  Marine  
  31  3:40  SCV  
  31  3:41  SCV  
  33  3:42  Widow Mine  
  33  3:43  Engineering Bay  
  35  3:49  Widow Mine  
  35  3:50  Medivac  
  40  3:55  SCV x2  
  41  4:13  Widow Mine  
  43  4:18  Widow Mine  
  45  4:28  SCV  
  46  4:33  Medivac, SCV  
  49  4:44  Widow Mine  
  49  4:45  Marine x2  
  53  4:46  Barracks Tech Lab  
  53  4:50  Missile Turret  
  53  4:54  Liberator  
  53  4:56  Barracks  
  53  5:06  SCV  
  54  5:10  Widow Mine  
  54  5:11  Command Center, SCV  
  60  5:15  Refinery  
  60  5:17  Supply Depot  
  60  5:41  Widow Mine x2  
Show
View Real Time Build Order
Export as new Build Order

Salvite Protoss 

Build Orders:  

Get SALT Encoding   

  12  0:02  Probe (Chrono Boost)  
  14  0:17  Pylon  
  13  0:24  Probe (Chrono Boost)  
  14  0:35  Probe (Chrono Boost)  
  15  0:40  Gateway  
  15  0:45  Probe (Chrono Boost)  
  15  0:48  Assimilator  
  16  0:56  Probe (Chrono Boost)  
  17  1:04  Pylon  
  17  1:14  Probe (Chrono Boost)  
  18  1:25  Gateway  
  18  1:29  Cybernetics Core  
  18  1:35  Probe (Chrono Boost)  
  19  1:46  Probe (Chrono Boost)  
  20  1:56  Probe (Chrono Boost)  
  21  2:03  Pylon  
  21  2:07  Warp Gate  
  21  2:08  Adept  
  23  2:20  Nexus  
  23  2:26  Mothership Core (Chrono Boost)  
  27  2:51  Adept x2  
  29  3:00  Probe (Chrono Boost)  
  30  3:09  Assimilator  
  30  3:10  Probe (Chrono Boost)  
  31  3:29  Robotics Facility  
  31  3:37  Pylon  
  31  3:39  Pylon  
  31  3:43  Pylon  
  30  4:32  Probe (Chrono Boost)  
  31  4:42  Probe (Chrono Boost)  
  28  4:55  Adept  
  28  4:56  Adept  
  32  5:08  Probe x2 (Chrono Boost)  
  33  5:18  Probe x2 (Chrono Boost)  
  34  5:25  Gateway x2  
  34  5:27  Gateway  
  34  5:38  Gateway  
  34  5:42  Gateway  
  16  5:59  Adept  
  16  6:00  Adept  
  17  6:14  Probe (Chrono Boost)  
Tags
 
League
Diamond
Matchup
PvT
Spawn Locations
Cross Positions
Add a new tag
Caveats
  • Supply blocks, unpowered buildings, or Contaminate may cause inaccurate times.
  • Supply counts are checked every 10 seconds.